 Dungeon Crawl Stone Soup version 0.23-a0-844-gdc03e01 (webtiles) character file.

2081 Amnesiac the Geomancer (level 9, 34/34 HPs)
             Began as a Felid Earth Elementalist on Jan 26, 2019.
             Was a Follower of Vehumet.
             Quit the game in a bailey.
             The game lasted 00:20:01 (8828 turns).

Amnesiac the Geomancer (Felid Earth Elementalist)   Turns: 8828, Time: 00:20:02

Health: 34/34      AC:  4    Str:  4    XL:     9   Next: 6%
Magic:  21/21      EV: 19    Int: 21    God:    Vehumet [*.....]
Gold:   238        SH:  0    Dex: 14    Spells: 8/23 levels left
                                        Lives:  1   Deaths: 1

rFire    . . .     SeeInvis +     - Unarmed
rCold    + . .     Gourm    .   (shield unavailable)
rNeg     + . .     Faith    .   (armour unavailable)
rPois    .         Spirit   .   (helmet unavailable)
rElec    .         Reflect  .   (cloak unavailable)
rCorr    .         Harm     .   (gloves unavailable)
MR       +....                  (boots unavailable)
Stlth    +++.......             (no amulet)
HPRegen  0.11/turn              o - ring of positive energy
MPRegen  0.17/turn              (no ring)

@: quick
A: very small, no armour, no weapons or thrown items, stealth, claws 1, fangs 3,
thin metallic scales 1, see invisible, carnivore, clumsy 1, cold resistance 1,
speed 1, shaggy fur 2, slow metabolism 1, sharp paws
a: Renounce Religion


You were in a bailey.
You worshipped Vehumet.
Vehumet was aware of your devotion.
You were not hungry.

You visited 2 branches of the dungeon, and saw 8 of its levels.
You also visited: Bailey.

You collected 364 gold pieces.
You spent 126 gold pieces at shops.

Inventory:

Missiles
 j - 16 stones
Jewellery
 o - a ring of positive energy (left paw)
Wands
 k - a wand of polymorph (9)
 m - a wand of scattershot (12)
 t - a wand of random effects (19)
Scrolls
 a - 6 scrolls of remove curse {!r}
 d - a scroll of teleportation {!r}
 e - a scroll of magic mapping {!r}
 f - 4 scrolls of noise {!r, unknown}
 g - a scroll of fear {!r, unknown}
 h - a scroll of enchant weapon {!r, unknown}
 p - a scroll of immolation {!r, unknown}
 q - 2 scrolls of amnesia {!r, unknown}
 s - 4 scrolls of identify {!r}
Potions
 b - 3 potions of flight {!q}
 i - a potion of resistance {!q}
 n - a potion of mutation {!q}
 r - 4 potions of curing {!q}
 u - 2 potions of heal wounds {!q, unknown}
 v - a potion of degeneration {!q, unknown}
Comestibles
 c - 22 rations


   Skills:
 - Level 4.1 Dodging
 - Level 3.1 Stealth
 - Level 3.1 Unarmed Combat
 + Level 7.6 Spellcasting
 - Level 2.0 Transmutations
 * Level 10.6 Earth Magic


You had 8 spell levels left.
You knew the following spells:

 Your Spells              Type           Power        Failure   Level  Hunger
a - Sandblast             Erth           ######       1%          1    None
b - Passwall              Tmut/Erth      ####....     1%          2    None
c - Stone Arrow           Conj/Erth      ####..       2%          3    None
d - Lee's Rapid Deconstr  Erth           ######....   3%          5    #####..
e - Petrify               Tmut/Erth      ####....     6%          4    ###....

Your spell library contained the following spells:

 Spells                   Type           Power        Failure   Level  Hunger
 Freeze                   Ice            #...         9%          1    None
 Apportation              Tloc           #.....       9%          1    None
 Summon Butterflies       Summ           #.......     9%          1    None
 Lesser Beckoning         Tloc           #.........   26%         3    None
 Tukima's Dance           Hex            #.......     26%         3    None
 Alistair's Intoxication  Tmut/Pois      ##......     83%         5    #####..
 Invisibility             Hex            #.......     100%        6    ######.


Dungeon Overview and Level Annotations

Branches:
Dungeon (7/15)             Temple (1/1) D:5

Altars:
Ashenzari
Cheibriados
Dithmenos
Elyvilon
Fedhas
Gozag
Hepliaklqana
Kikubaaqudgha
Nemelex Xobeh
Okawaru
Qazlal
Ru
Sif Muna
Trog
Uskayaw
Vehumet
Wu Jian
Xom
Zin
The Shining One

Shops:
D:4 *!!}*   D:6 *   D:7 [


Innate Abilities, Weirdness & Mutations

You cannot wear armour.
You are incapable of wielding weapons or throwing items.
Your paws allow you to move quietly. (Stealth)
You have sharp claws.
You have razor-sharp teeth.
You have supernaturally acute eyesight. (SInv)
You are carnivorous and can eat meat at any time.
You cover ground quickly.
You are covered in thick fur. (AC +2)
You have a slow metabolism.
Your sharp claws are effective at attacking unaware monsters.
You are partially covered in thin metallic scales. (AC +2)
You are clumsy. (Dex -2)
Your flesh is cold resistant. (rC+)


Message History

Unknown command.
Casting: Petrify (safe; 6% risk of failure)
Confirm with . or Enter, or press ? or * to list all spells.
Aiming: Petrify (safe; 6% risk of failure)
Press: ? - help, Shift-Dir - straight line, f/p - electric eel
Aim: an electric eel (water, chance to defeat MR: 71%)
You miscast Petrify.
You are very lightly contaminated with residual magic.
You smell something strange.
The electric eel shoots out a bolt of lightning at you!
The bolt of electricity hits you!
Unknown command.
Casting: Petrify (safe; 6% risk of failure)
Confirm with . or Enter, or press ? or * to list all spells.
Aiming: Petrify (safe; 6% risk of failure)
Press: ? - help, Shift-Dir - straight line, f/p - electric eel
Aim: an electric eel (water, chance to defeat MR: 71%)
The electric eel struggles to resist.
Unknown command.
The electric eel shoots out a bolt of lightning at you!
The bolt of electricity hits you!
* * * LOW HITPOINT WARNING * * *
Casting: Petrify (safe; 6% risk of failure)
Confirm with . or Enter, or press ? or * to list all spells.
You can't see any susceptible monsters within range! (Use Z to cast anyway.)
Casting: Petrify (safe; 6% risk of failure)
Confirm with . or Enter, or press ? or * to list all spells.
Aiming: Petrify (safe; 6% risk of failure)
Press: ? - help, Shift-Dir - straight line, f/p - electric eel
Aim: an electric eel (water, chance to defeat MR: 71%)
The electric eel is moving more slowly.
The electric eel shoots out a bolt of lightning at you!
The bolt of electricity hits you.
* * * LOW HITPOINT WARNING * * *
Unknown command.
Items here: )) [[ a +0 hand axe; a cursed +0 leather armour; a +0 war axe; a +0 plate armour The electric eel stops moving altogether!
There is an open door here.
The helpless electric eel fails to defend itself.
You claw the electric eel!
The electric eel is moderately wounded.
You pounce on the unaware helpless electric eel!
You claw the electric eel! You bite the electric eel.
The electric eel is severely wounded.
The helpless electric eel fails to defend itself.
You claw the electric eel!
You kill the electric eel!
Vehumet accepts your kill.
You enter the shallow water.
An electric eel comes into view.
You open the door.
A goblin and an orc knight come into view.
There is an open door here.
The orc knight shouts!
The goblin shouts!
Your magical contamination has completely faded away.
There is an open door here.
The electric eel shoots out a bolt of lightning at you!
The bolt of electricity hits you!
You die...
You are now level 9!
You rejoin the land of the living...
Unknown command.
Are you sure you want to abandon this character and quit the game? (Confirm with "yes".)

≈≈≈≈ ###≈≈≈≈≈≈≈≈≈≈≈###### ≈ ≈≈≈;≈
..#.....∩.. ..#..'.# ≈≈
≈≈≈≈≈≈###..#############..###≈≈≈
≈≈≈≈≈≈#....#....'.'..))#....#≈≈≈
≈≈≈≈≈≈≈#....#....#.#..))#....#≈≈≈
≈≈≈≈≈≈≈#g#########.#########'#≈≈≈
≈≈≈≈≈≈≈≈o#..'...^.∩.....'..#.≈≈≈≈
≈≈≈≈≈≈≈≈†#..######.######..#.≈≈≈≈
≈≈≈≈≈≈≈≈.#..#...@#.#..[[#..#.≈≈≈≈
≈≈≈≈≈≈≈≈.#..#....'.'..[[#.)#.≈≈≈≈
≈≈≈≈≈≈≈≈.#.)#############).#.≈≈≈≈
≈≈≈≈≈≈≈≈.##)#...........#)##.≈≈≈≈
≈≈≈≈≈≈≈≈.'..)....._......).'.≈≈≈≈
≈≈≈≈≈≈≈≈.#.8.....)..).)..8.#.≈≈≈≈
≈≈≈≈≈≈≈≈.#....).)))))......#.≈≈≈≈
≈≈≈≈≈≈≈≈.#.8.###########.8.#.≈≈≈≈
≈≈≈≈≈≈≈≈.#.....#######.....#.≈≈≈≈


There were no monsters in sight!

Vanquished Creatures
  An orc high priest (Bailey)
  An orc knight (Bailey)
  A kobold demonologist (Bailey)
  A hippogriff (D:7)
  A hungry ghost (D:6)
  Menkaure (D:4)
  5 orc warriors (Bailey)
  A sky beast (D:7)
  An ice beast (D:6)
  A necrophage (D:7)
  2 ogres
  2 centaurs (D:6)
  A bullfrog (D:7)
  6 killer bees (D:7)
  5 wights (D:6)
  2 electric eels (Bailey)
  A jelly (D:6)
  A crimson imp (D:6)
  2 orc wizards
  A bullfrog zombie (D:7)
  An iguana (D:4)
  2 worker ants
  A hound zombie (D:7)
  A hound skeleton (D:6)
  11 gnolls
  12 adders
  A howler monkey skeleton (D:7)
  4 shadow imps
  An ooze (D:5)
  An adder zombie (D:7)
  2 adder skeletons (D:4)
  4 worms
  5 leopard geckos
  39 orcs
  3 ball pythons
  7 bats
  5 giant cockroaches
  6 hobgoblins
  13 jackals
  5 quokkas
  A ball python skeleton (D:6)
  5 frilled lizards
  A giant cockroach zombie (D:6)
  17 goblins
  A jackal skeleton (D:4)
  7 kobolds
  2 leopard gecko zombies
  10 rats
205 creatures vanquished.

Notes
Turn   | Place    | Note
-------+----------+-------------------------------------------
     0 | D:1      | Amnesiac the Felid Earth Elementalist began the quest for
                  | the Orb.
     0 | D:1      | Reached XP level 1. HP: 7/7 MP: 4/4
   116 | D:1      | Reached skill level 3 in Earth Magic
   177 | D:1      | Reached XP level 2. HP: 11/11 MP: 3/6
   324 | D:2      | Learned a level 2 spell: Passwall
   414 | D:2      | Reached XP level 3. HP: 9/14 MP: 4/7
   883 | D:3      | Reached XP level 4. HP: 18/18 MP: 4/9
   892 | D:3      | Learned a level 4 spell: Petrify
   922 | D:4      | Reached skill level 1 in Unarmed Combat
   979 | D:4      | Reached skill level 4 in Earth Magic
  1323 | D:4      | Found Qitodiy's General Store.
  1336 | D:4      | Bought a scroll of teleportation for 42 gold pieces
  1336 | D:4      | Bought a potion of flight for 42 gold pieces
  1359 | D:4      | Found Roaxev's Distillery.
  1366 | D:4      | Bought a potion of lignification for 42 gold pieces
  1384 | D:4      | Noticed an ogre
  1418 | D:4      | Killed an ogre
  1418 | D:4      | Reached XP level 5. HP: 17/21 MP: 6/10
  1573 | D:4      | Noticed Menkaure
  1818 | D:4      | Killed Menkaure
  1818 | D:4      | Reached skill level 5 in Earth Magic
  1818 | D:4      | Gained mutation: You are covered in thick fur. (AC +2)
                  | [Felid growth]
  1818 | D:4      | Reached XP level 6. HP: 16/24 MP: 7/12
  1825 | D:4      | Learned a level 5 spell: Lee's Rapid Deconstruction
  1888 | D:3      | HP: 1/24 [something (5)]
  2482 | D:4      | Found Ximp's Distillery.
  2638 | D:4      | Found Veish's General Store.
  2665 | D:4      | Found Mojurgh's Gadget Boutique.
  2709 | D:5      | Entered Level 5 of the Dungeon
  3465 | D:5      | Found a staircase to the Ecumenical Temple.
  3475 | Temple   | Entered the Ecumenical Temple
  4186 | D:2      | Gained mutation: You are partially covered in thin metallic
                  | scales. (AC +2) [potion of mutation]
  4186 | D:2      | Gained mutation: You are clumsy. (Dex -2) [potion of
                  | mutation]
  4186 | D:2      | Gained mutation: Your flesh is cold resistant. (rC+)
                  | [potion of mutation]
  4468 | D:3      | Found a hazy altar of Hepliaklqana.
  5107 | D:6      | Reached XP level 7. HP: 26/27 MP: 0/14
  5252 | D:6      | Reached skill level 6 in Earth Magic
  5340 | D:6      | Found an iron altar of Okawaru.
  5340 | D:6      | Found a white marble altar of Elyvilon.
  5507 | D:6      | Found an opulent altar of Gozag.
  5508 | D:6      | Found a glowing silver altar of Zin.
  5763 | D:6      | Reached XP level 8. HP: 6/31 MP: 3/16
  5790 | D:6      | Reached skill level 7 in Earth Magic
  5794 | D:6      | Found a snail-covered altar of Cheibriados.
  6044 | D:6      | Found Tulokell's Assorted Antiques.
  6103 | D:6      | Reached skill level 5 in Spellcasting
  6499 | D:7      | Found a shimmering altar of Xom.
  6502 | D:7      | Found a shimmering altar of Xom.
  6514 | D:7      | Found a shimmering altar of Xom.
  6555 | D:7      | Reached skill level 8 in Earth Magic
  6652 | D:7      | Noticed a hippogriff
  6659 | D:7      | Killed a hippogriff
  6659 | D:7      | Reached XP level 9. HP: 30/34 MP: 11/19
  6706 | D:7      | Found a flagged portal.
  6851 | D:7      | Found a radiant altar of Vehumet.
  7013 | D:7      | Found Biulliv's Antique Armour Shoppe.
  7045 | D:7      | Became a worshipper of Vehumet
  7097 | Bailey   | Entered a bailey
  7140 | Bailey   | Found an iron altar of Okawaru.
  7140 | Bailey   | Noticed an orc high priest
  7155 | Bailey   | Learned a level 3 spell: Stone Arrow
  7160 | Bailey   | Noticed a kobold demonologist
  7161 | Bailey   | Noticed a smoke demon
  7197 | Bailey   | Noticed an ice devil
  7199 | Bailey   | Noticed an ice devil
  7202 | Bailey   | Killed a kobold demonologist
  7202 | Bailey   | Reached skill level 9 in Earth Magic
  7289 | Bailey   | Killed an orc high priest
  7558 | Bailey   | Reached skill level 10 in Earth Magic
  7776 | Bailey   | Noticed an orc knight
  8194 | Bailey   | Killed an orc knight
  8255 | Bailey   | Reached XP level 10. HP: 19/37 MP: 2/22
  8313 | Bailey   | Reached * piety under Vehumet
  8313 | Bailey   | Offered knowledge of Freeze by Vehumet.
  8820 | Bailey   | Noticed an orc knight
  8827 | Bailey   | Killed from afar by an electric eel
  8828 | Bailey   | Reached XP level 9. HP: 0/34 MP: 11/21
  8828 | Bailey   | Quit the game

Vault maps used:
D:1:      nicolae_arrival_memento_mori
D:2:      kennysheep_generic_room_3
D:3:      lemuel_round_altar
D:4:      serial_shops, nicolae_shop_crystal, shop_statue, shop, shop,
          kennysheep_mini, kennysheep_donut, grunt_ministairs_10,
          guppyfry_early_lair_pool, uniq_menkaure
D:5:      temple_hall, first_ration
D:6:      grunt_temple_overflow_gold_and_silver, cheibriados_altar_1,
          grunt_temple_overflow_open, serial_shops, kennysheep_little_box
D:7:      xom_shifter_show, serial_shops, nicolae_shop_behind_doors,
          lightli_bailey_entry_fortress, basic_altar, nrook_uturn
Temple:   nicolae_temple_hex_pool
Bailey:   bailey_axe_of_yendor_kennysheep, bailey

Skill      XL: |  1  2  3  4  5  6  7  8  9 |
---------------+----------------------------+-----
Earth Magic    | 3 4 5 6 8 10 | 10.6
Stealth        | 3 |  3.1
Unarmed Combat | 1 3 |  3.1
Spellcasting   | 3 4 6 7 |  7.6
Transmutations | 2 |  2.0
Dodging        | 3 4 |  4.1

Action                   |  1- 3 |  4- 6 |  7- 9 | 10-12 || total
-------------------------+-------+-------+-------+-------++-------
Melee: Unarmed           |    48 |   375 |   114 |    21 ||   558
       Bite              |     2 |    33 |    14 |     2 ||    51
       Punch             |       |     2 |       |       ||     2
 Cast: Sandblast         |    30 |    16 |   143 |       ||   189
       Passwall          |     1 |     3 |     1 |       ||     5
       Petrify           |       |    30 |    26 |     9 ||    65
       Lee's Rapid Decon |       |       |     7 |       ||     7
  Use: Scroll            |       |     4 |       |       ||     4
       Potion            |       |     3 |     4 |       ||     7
 Stab: Sleeping          |     6 |     9 |     3 |       ||    18
       Petrified         |       |    49 |    73 |    13 ||   135
       Petrifying        |       |     8 |     1 |       ||     9
  Eat: Chunk             |     8 |    17 |     9 |     4 ||    38
Armor: Skin              |     5 |    62 |    14 |     2 ||    83
Dodge: Dodged            |    45 |   351 |   144 |    11 ||   551

Table legend:
 A = Non-vault XP
 B = Vault XP
 C = Vault XP percentage of total XP
 D = Non-vault monster count
 E = Vault monster count
 F = Vault count percentage of total count
                 A         B        C        D         E       F
            +---------+---------+-------+---------+---------+-------
      Total |    2824 |    3055 |  52.0 |     145 |      60 |  29.3
            +---------+---------+-------+---------+---------+-------
        D:1 |      25 |       0 |   0.0 |      15 |       0 |   0.0
        D:2 |      57 |       4 |   6.6 |      24 |       2 |   7.7
        D:3 |      71 |      17 |  19.3 |      21 |       3 |  12.5
        D:4 |     190 |     221 |  53.8 |      13 |       6 |  31.6
        D:5 |     107 |       0 |   0.0 |      17 |       0 |   0.0
        D:6 |    1239 |       0 |   0.0 |      30 |       0 |   0.0
        D:7 |    1135 |      77 |   6.4 |      25 |      12 |  32.4
     Bailey |       0 |    2736 | 100.0 |       0 |      37 | 100.0
            +---------+---------+-------+---------+---------+-------
